 Dungeon Crawl Stone Soup version 0.21.1-1-g345015f (webtiles) character file.

1095 vatarom the Schismatic (level 8, -1/58 HPs)
             Began as a Formicid Abyssal Knight on Apr 23, 2018.
             Was an Elder of Lugonu.
             Slain by an ogre
             ... wielding a +0 giant spiked club
              (26 damage)
             ... on level 5 of the Dungeon.
             The game lasted 00:11:05 (6756 turns).

vatarom the Schismatic (Formicid Abyssal Knight)    Turns: 6756, Time: 00:11:05

Health: -1/58      AC: 10    Str: 16    XL:     8   Next: 57%
Magic:  13/13      EV: 10    Int: 13    God:    Lugonu [****..]
Gold:   304        SH:  0    Dex: 12    Spells: 7/7 levels left

rFire    + . .     SeeInvis +   d - +1 war axe
rCold    . . .     Gourm    .   (no shield)
rNeg     . . .     Faith    .   k - +1 ring mail
rPois    .         Spirit   .   (helmet unavailable)
rElec    .         Reflect  .   b - +2 cloak
rCorr    .         Harm     .   (no gloves)
MR       .....                  (no boots)
Stlth    ++........             (no amulet)
HPRegen  0.19/turn              j - ring of protection from fire
MPRegen  0.13/turn              r - ring of stealth

@: no status effects
A: permanent stasis, dig shafts and tunnels, four strong arms, antennae 3
a: Dig, Shaft Self, Depart the Abyss, Bend Space, Banish, Corrupt, Renounce
Religion


You were on level 5 of the Dungeon.
You worshipped Lugonu.
Lugonu was greatly pleased with you.
You were not hungry.

You visited 2 branches of the dungeon, and saw 6 of its levels.
You visited the Abyss 1 time.
You also visited: Sewer.

You collected 304 gold pieces.

Inventory:

Hand Weapons
 d - a +1 war axe (weapon)
Armour
 b - a +2 cloak (worn)
 k - a +1 ring mail (worn)
Jewellery
 j - a ring of protection from fire (left hand)
 l - an uncursed ring of resist corrosion
 r - a ring of stealth (right hand)
Wands
 s - a wand of polymorph (7)
Scrolls
 a - a scroll of enchant weapon
 e - 3 scrolls of teleportation
 f - 3 scrolls of fear
 g - 2 scrolls of amnesia
 h - a scroll of remove curse
 i - a scroll of enchant armour
 m - a scroll of magic mapping
 n - a scroll of random uselessness {unknown}
 q - 2 scrolls of identify
Potions
 t - a potion of magic
 u - 4 potions of flight
 v - a potion of curing
Books
 p - a book of Minor Magic

   Spells                             Type                      Level
   a - Magic Dart                     Conjuration                  1
   b - Blink                          Translocation                2
   c - Call Imp                       Summoning                    2
   d - Slow                           Hexes                        2
   e - Conjure Flame                  Conjuration/Fire             3
   f - Mephitic Cloud                 Conjuration/Poison/Air       3
Comestibles
 c - 7 rations
 o - a chunk of flesh


   Skills:
 - Level 3.2 Fighting
 * Level 6.5 Axes
 + Level 4.2 Armour
 - Level 0.8 Dodging
 * Level 7.8 Invocations


You had 7 spell levels left.
You didn't know any spells.

Dungeon Overview and Level Annotations

Branches:
Dungeon (5/15)             Temple (1/1) D:4

Altars:
Ashenzari
Cheibriados
Elyvilon
Fedhas
Gozag
Hepliaklqana
Kikubaaqudgha
Makhleb
Nemelex Xobeh
Qazlal
Ru
Sif Muna
Trog
Uskayaw
Vehumet
Wu Jian
Yredelemnul
Zin

Annotations:
Abyss:1 Dowan, Duvessa


Innate Abilities, Weirdness & Mutations

You cannot be hasted, slowed, berserked, paralysed or teleported.
You can dig through walls and to a lower floor.
Your four strong arms can wield two-handed weapons with a shield.
You have a pair of large antennae on your head. (SInv)


Message History

You slash the ogre!
The ogre is moderately wounded.
The ogre hits you with a giant spiked club!
You hit the ogre.
The ogre is heavily wounded.
The ogre hits you with a giant spiked club.
You barely miss the ogre.
The ogre is heavily wounded.
You hit the ogre.
The ogre is severely wounded.
The ogre hits you with a giant spiked club!
You are too injured to fight recklessly!
You are too injured to fight recklessly!
You slash the ogre!
The ogre is almost dead.
The ogre hits you with a giant spiked club.
You hit the ogre but do no damage.
The ogre is almost dead.
The ogre hits you with a giant spiked club!!
You die...

..............#
#≈##≈#≈#≈
.......#...##.#
#≈#≈≈#≈#†
.......#...##.#
#≈#≈##≈#≈
###....#...##.#
#≈#≈##≈≈≈
###.#####....#...##.#
#≈#≈.#≈##
#......##....#...##.##
########
#......##....#...#...#
#......##....#####...#
#..............O@..†.#
#......# ....#####...#
#......# .
#...........#.##
#......##
#...##........##
........# #...#
.......## ........#
#...# ##....##
........####### #...#
#....##
..............###
##### #....##
................#
#...# #......


You could see an ogre.

Vanquished Creatures
  A phantom (D:4)
  A crimson imp (D:5)
  3 orc wizards
  A merfolk avatar (Sewer)
  A merfolk siren (Sewer)
  14 adders
  2 river rats
  An ooze (D:4)
  An adder zombie (D:5)
  An adder skeleton (D:4)
  5 worms
  9 leopard geckos
  13 orcs
  6 ball pythons
  6 giant cockroaches
  11 hobgoblins
  14 jackals
  7 quokkas
  7 bats
  7 frilled lizards
  6 goblins
  12 kobolds
  A leopard gecko zombie (D:5)
  37 rats
167 creatures vanquished.

Vanquished Creatures (others)
  A two-headed ogre (D:4)
  An ogre (D:5)
  2 orc priests (D:5)
  An iguana (D:4)
  An orc wizard (D:3)
6 creatures vanquished.

Grand Total: 173 creatures vanquished

Notes
Turn   | Place    | Note
-------+----------+-------------------------------------------
     0 | Abyss:1  | vatarom the Formicid Abyssal Knight began the quest for the Orb.
     0 | Abyss:1  | Reached XP level 1. HP: 18/18 MP: 2/2
    19 | D:1      | Escaped the Abyss
   280 | D:1      | Reached XP level 2. HP: 24/24 MP: 3/3
   666 | D:1      | Reached skill level 3 in Invocations
   735 | D:1      | Reached ** piety under Lugonu
   735 | D:1      | Reached XP level 3. HP: 25/29 MP: 5/5
  1421 | D:2      | Reached XP level 4. HP: 12/35 MP: 6/6
  1911 | D:2      | Reached skill level 4 in Invocations
  2569 | D:3      | Reached XP level 5. HP: 27/41 MP: 8/8
  2724 | D:3      | Reached *** piety under Lugonu
  2977 | D:3      | Found a hazy altar of Hepliaklqana.
  3837 | D:3      | Found a blossoming altar of Fedhas.
  3969 | D:3      | Reached skill level 5 in Invocations
  4284 | D:4      | Found a staircase to the Ecumenical Temple.
  4291 | D:4      | Reached XP level 6. HP: 47/47 MP: 9/9
  4309 | D:4      | Noticed Duvessa
  5065 | D:4      | Noticed Dowan
  5071 | D:4      | Banished Duvessa
  5072 | D:4      | Banished Dowan
  5128 | Temple   | Entered the Ecumenical Temple
  5294 | D:4      | Reached XP level 7. HP: 52/52 MP: 11/11
  5512 | D:4      | Noticed a two-headed ogre
  5515 | D:4      | Banished a two-headed ogre
  5515 | D:4      | Reached skill level 5 in Axes
  5515 | D:4      | Reached skill level 6 in Invocations
  5779 | D:4      | Reached skill level 7 in Invocations
  5779 | D:4      | Reached XP level 8. HP: 51/58 MP: 13/13
  5862 | D:5      | Entered Level 5 of the Dungeon
  5869 | D:5      | Found a deep blue altar of Sif Muna.
  6286 | D:5      | Found a glowing drain.
  6294 | Sewer    | Entered a sewer
  6443 | Sewer    | Reached **** piety under Lugonu
  6756 | D:5      | Slain by an ogre

Skill      XL: |  1  2  3  4  5  6  7  8 |
---------------+-------------------------+-----
Invocations    | 3 4 5 7 |  7.8
Axes           | 3 4 5 6 |  6.5
Armour         | 3 4 |  4.2
Fighting       | |  3.2
Dodging        | |  0.8

Action                   |  1- 3 |  4- 6 |  7- 9 || total
-------------------------+-------+-------+-------++-------
Melee: Hand axe          |   126 |   163 |       ||   289
       War axe           |       |    35 |   277 ||   312
Invok: Bend Space        |       |     2 |     1 ||     3
       Banish            |       |     4 |     6 ||    10
 Abil: Dig               |       |     1 |     1 ||     2
  Use: Scroll            |     1 |     5 |     5 ||    11
       Potion            |     4 |     3 |     3 ||    10
 Stab: Sleeping          |       |       |     7 ||     7
  Eat: Chunk             |     2 |     5 |     6 ||    13
       Ration            |       |     3 |       ||     3
Armor: Leather armour    |    19 |       |       ||    19
       Ring mail         |    23 |    87 |   157 ||   267
       Skin              |       |     3 |       ||     3
Dodge: Dodged            |    72 |   123 |   142 ||   337
